 Dungeon Crawl Stone Soup version 0.28.0-43-g3370ac3207 (webtiles) character file.

Game seed: 1843601241249338980

100130 CryoSword the Brawler (level 15, -7/148 HPs)
             Began as a Troll Monk on Mar 27, 2022.
             Was an Elder of Kikubaaqudgha.
             Mangled by a six-headed hydra (9 damage)
             ... on level 15 of the Dungeon on Mar 28, 2022.
             The game lasted 01:38:22 (25388 turns).

CryoSword the Brawler (Troll Monk)                 Turns: 25388, Time: 01:38:23

Health: -7/148     AC: 12    Str: 23    XL:     15   Next: 79%
Magic:  20/20      EV: 11    Int: 18    God:    Kikubaaqudgha [****..]
Gold:   1252       SH: 12    Dex: 12    Spells: 4/22 levels left

rFire   . . .      SeeInvis .   w - staff of death
rCold   . . .      Faith    .   T - +2 kite shield
rNeg    + . .      Spirit   .   G - +3 troll leather armour
rPois   .          Reflect  .   (helmet restricted)
rElec   .          Harm     .   D - +2 cloak {rCorr}
rCorr   +          Rampage  .   (gloves unavailable)
Will    ++...                   (boots unavailable)
Stlth   ++........              a - amulet of magic regeneration
HPRegen 1.94/turn               s - ring of willpower
MPRegen 0.57/turn               y - +6 ring of intelligence

@: spiked, studying Conjurations, invisible
A: large, unfitting armour, claws 3, regeneration 1, shaggy fur 1, tough skin 1
a: Renounce Religion, Receive Corpses


You were on level 15 of the Dungeon.
You worshipped Kikubaaqudgha.
Kikubaaqudgha was greatly pleased with you.
You visited 4 branches of the dungeon, and saw 23 of its levels.
You also visited: Gauntlet.

You collected 1735 gold pieces.
You spent 483 gold pieces at shops.

Inventory:

Missiles
 b - 14 large rocks
 j - 6 silver boomerangs (quivered)
 z - 3 throwing nets
 H - 7 atropa-tipped darts
 N - 8 javelins
 R - 3 curare-tipped darts
Armour
 r - the +0 cloak of Gasuon {Will+}
   (You found it in a Gauntlet)

   Will:      It increases your willpower.
 D - a +2 cloak of preservation (worn)
   (You took it off Maurice on level 9 of the Dungeon)
 G - a +3 troll leather armour (worn)
   (You found it on level 11 of the Dungeon)
 T - a +2 kite shield (worn)
   (You took it off a gnoll sergeant on level 12 of the Dungeon)
 V - the +2 robe of Valiance {rF+ Str+6}
   (You found it in a Gauntlet)

   Str:       It affects your strength (+6).
   rF:        It protects you from fire.
Magical Staves
 w - a staff of death (weapon)
   (You found it on level 5 of the Lair of Beasts)
Jewellery
 a - an amulet of magic regeneration (around neck)
   (You found it on level 9 of the Dungeon)
 o - a ring of see invisible
   (You found it in a Gauntlet)
 s - a ring of willpower (left claw)
   (You found it on level 6 of the Dungeon)
 y - a +6 ring of intelligence (right claw)
   (You found it on level 7 of the Dungeon)
 F - a ring of protection from fire
   (You found it on level 6 of the Lair of Beasts)
 L - the ring of the Hundredfold Suns {rCorr MP+9 Str+8 Stlth-}
   (You found it in a Gauntlet)

   [ring of magical power]

   Str:       It affects your strength (+8).
   MP:        It affects your magic capacity (+9).
   rCorr:     It protects you from acid and corrosion.
   Stlth:     It makes you less stealthy.
 O - a ring of fire
   (You took it off Urug on level 12 of the Dungeon)
Wands
 q - a wand of digging (4)
   (You found it on level 6 of the Dungeon)
 B - a wand of iceblast (13)
   (You found it on level 7 of the Dungeon)
 E - a wand of acid (3)
   (You found it on level 5 of the Lair of Beasts)
 K - a wand of flame (28)
   (You took it off Maurice on level 9 of the Dungeon)
Scrolls
 c - a scroll of silence
 e - 16 scrolls of teleportation {@r4}
 p - 2 scrolls of fog
 t - a scroll of blinking
 x - 3 scrolls of summoning
 C - 3 scrolls of magic mapping
 U - a scroll of torment {!r}
 X - 2 scrolls of holy word
Potions
 d - 6 potions of curing {@q1}
 f - 3 potions of brilliance
 h - 2 potions of flight
 l - 2 potions of haste {@q3}
 m - a potion of attraction {!q}
 n - 4 potions of lignification {!q}
 v - 2 potions of berserk rage
 A - a potion of magic
 I - 7 potions of mutation {!q}
 P - 2 potions of might
 Q - a potion of cancellation
Miscellaneous
 M - a box of beasts (inert)
   (You found it on level 12 of the Dungeon)


   Skills:
 + Level 9.5 Fighting
 + Level 2.3 Throwing
 + Level 2.4 Armour
 + Level 7.1 Dodging
 - Level 3.4 Stealth
 - Level 10.0 Shields
 * Level 15.4 Unarmed Combat
 - Level 4.0 Spellcasting
 + Level 11.0 Necromancy
 - Level 3.0 Translocations
 + Level 5.3 Earth Magic


You had 4 spell levels left.
You knew the following spells:

 Your Spells              Type           Power      Damage    Failure   Level
a - Vampiric Draining     Necr           60%        2d10      1%          3
b - Dispel Undead         Necr           60%        3d21      3%          4
c - Borgnjor's Vile Clut  Necr/Erth      24%        N/A       30%         5
z - Animate Dead          Necr           30%        N/A       3%          4
B - Blink                 Tloc           28%        N/A       14%         2

Your spell library contained the following spells:

 Spells                   Type           Power      Damage    Failure   Level
 Animate Skeleton         Necr           100%       N/A       1%          1
 Pain                     Necr           100%       1d9       1%          1
 Sandblast                Erth           44%        2d11      3%          1
 Passwall                 Tmut/Erth      10%        N/A       16%         2
 Gell's Gravitas          Tloc           14%        N/A       26%         3
 Freeze                   Ice            12%        1d4       30%         1
 Magic Dart               Conj           12%        1d3       30%         1
 Slow                     Hex            12%        N/A       30%         1
 Sting                    Tmut/Pois      12%        1d3       30%         1
 Stone Arrow              Conj/Erth      26%        3d8       32%         3
 Anguish                  Hex/Necr       17%        N/A       32%         4
 Ensorcelled Hibernation  Hex/Ice        6%         N/A       43%         2
 Searing Ray              Conj           6%         2d4       43%         2
 Portal Projectile        Hex/Tloc       18%        N/A       45%         3
 Passage of Golubria      Tloc           14%        N/A       65%         4
 Call Canine Familiar     Summ           3%         N/A       67%         3
 Confusing Touch          Hex            3%         N/A       67%         3
 Frozen Ramparts          Ice            6%         1d2       67%         3
 Swiftness                Air            3%         N/A       67%         3
 Leda's Liquefaction      Hex/Erth       6%         N/A       71%         4
 Cause Fear               Hex            1%         N/A       97%         4
 Fulminant Prism          Conj/Hex       1%         3d6       97%         4
 Hailstorm                Conj/Ice       3%         3d3       97%         4
 Ice Form                 Ice/Tmut       3%         N/A       97%         4
 Summon Ice Beast         Ice/Summ       3%         N/A       97%         4
 Summon Lightning Spire   Summ/Air       3%         N/A       97%         4
 Agony                    Necr           60%        N/A       10%         5
 Death Channel            Necr           30%        N/A       45%         6
 Manifold Assault         Tloc           14%        N/A       94%         5
 Simulacrum               Ice/Necr       17%        N/A       99%         6
 Alistair's Intoxication  Tmut/Pois      2%         N/A       100%        5
 Fireball                 Conj/Fire      1%         3d3       100%        5
 Lightning Bolt           Conj/Air       1%         1d12      100%        5
 Summon Mana Viper        Hex/Summ       3%         N/A       100%        5
 Starburst                Conj/Fire      1%         6d3       100%        6
 Dragon Form              Tmut           1%         N/A       100%        7
 Monstrous Menagerie      Summ           1%         N/A       100%        7
 Storm Form               Tmut/Air       1%         N/A       100%        7
 Ignition                 Fire           1%         3d3       100%        8
 Maxwell's Capacitive Co  Air            1%         ∞         100%        8
 Chain Lightning          Conj/Air       1%         3d2       100%        9
 Dragon's Call            Summ           1%         N/A       100%        9
 Fire Storm               Conj/Fire      1%         8d1       100%        9
 Shatter                  Erth           11%        3d12*     100%        9


Dungeon Overview and Level Annotations

Branches:
Dungeon (15/15)            Temple (1/1) D:4            Lair (6/6) D:10
  Snake (1/4) Lair:4        Slime (0/5) Lair:6          Orc (0/2) D:9
 Vaults (0/5) D:14        Gauntlet (visited)
  Swamp: Lair:2-4    Shoals: Lair:2-4    Depths: D:15

Altars:
Ashenzari
Cheibriados
Dithmenos
Elyvilon
Fedhas
Gozag
Hepliaklqana
Kikubaaqudgha
Makhleb
Nemelex Xobeh
Okawaru
Qazlal
Ru
Sif Muna
Trog
Uskayaw
Vehumet
Wu Jian
Xom
Yredelemnul
Zin
The Shining One
Beogh

Shops:
D:5 ?   D:10 (

Portals:
Abyss: Lair:6

Annotations:
D:11 2 transporters
D:13 1 runed translucent door, Ablot's ghost, journeyman GnWr
Lair:6 2 transporters, CryoSword's ghost, journeyman DgFE


Innate Abilities, Weirdness & Mutations

You are too large for most types of armour.
You have claws for hands.
Your natural rate of healing is unusually fast.
You are covered in fur. (AC +1)
You have tough skin. (AC +1)


Message History

Okay, then.
Throw: 6 boomerangs (silver)
Aim: a six-headed hydra (asleep, 98% to hit)
You throw a silver boomerang.
The silver boomerang hits the six-headed hydra.
The six-headed hydra roars!
Kikubaaqudgha delivers you corpses!
You block the six-headed hydra's attack. x2
The six-headed hydra bites you. The six-headed hydra barely misses you.
The six-headed hydra bites you.
You block the six-headed hydra's attack.
You feel a surge of power!
You call on the dead to rise...
The dead are walking and slithering!
The six-headed hydra barely misses you.
You block the six-headed hydra's attack.
The six-headed hydra bites you.
The six-headed hydra bites you but does no damage.
The six-headed hydra barely misses you. x2
You hit the six-headed hydra. The six-headed hydra bites you.
You block the six-headed hydra's attack.
The six-headed hydra bites you. The six-headed hydra bites you!
You block the six-headed hydra's attack.
The six-headed hydra bites you.
Your kobold brigand zombie hits the six-headed hydra.
You hit the six-headed hydra.
The six-headed hydra bites you but does no damage. x2
The six-headed hydra bites you.
The six-headed hydra bites you but does no damage.
You block the six-headed hydra's attack. x2
Your two-headed ogre zombie hits the six-headed hydra.
Your two-headed ogre zombie hits the six-headed hydra!
Your kobold brigand zombie hits the six-headed hydra.
The six-headed hydra bites your two-headed ogre zombie! x2
The six-headed hydra bites your two-headed ogre zombie.
The six-headed hydra bites your two-headed ogre zombie! x2
Your two-headed ogre zombie is destroyed!
The six-headed hydra bites your kobold brigand zombie.
The six-headed hydra roars!
You barely miss the six-headed hydra.
Your adder zombie bites the six-headed hydra.
You block the six-headed hydra's attack.
The six-headed hydra bites you! x2
The six-headed hydra bites you but does no damage.
The six-headed hydra misses you.
You block the six-headed hydra's attack.
Your kobold brigand zombie hits the six-headed hydra.
You hit the six-headed hydra.
Your adder zombie barely misses the six-headed hydra.
The six-headed hydra barely misses you.
You block the six-headed hydra's attack.
The six-headed hydra bites you!
The six-headed hydra bites you but does no damage.
You block the six-headed hydra's attack. x2
Your kobold brigand zombie hits the six-headed hydra.
You hit the six-headed hydra but do no damage.
The six-headed hydra writhes in agony.
Your adder zombie bites the six-headed hydra.
You block the six-headed hydra's attack.
The six-headed hydra bites you! The six-headed hydra bites you.
You block the six-headed hydra's attack. x2
The six-headed hydra bites you but does no damage.
Your kobold brigand zombie hits the six-headed hydra.
Your adder zombie bites the six-headed hydra.
You hit the six-headed hydra.
The six-headed hydra writhes in agony!
The six-headed hydra bites you! The six-headed hydra bites you.
You block the six-headed hydra's attack. x2
The six-headed hydra closely misses you.
You block the six-headed hydra's attack.
Your adder zombie closely misses the six-headed hydra.
Your kobold brigand zombie hits the six-headed hydra.
The six-headed hydra bites you but does no damage.
You block the six-headed hydra's attack.
The six-headed hydra bites you but does no damage.
The six-headed hydra bites you!
* * * LOW HITPOINT WARNING * * *
The six-headed hydra misses you. The six-headed hydra bites you!
* * * LOW HITPOINT WARNING * * *
You swap places.
Your adder zombie barely misses the six-headed hydra.
Your kobold brigand zombie barely misses the six-headed hydra.
The six-headed hydra bites your deep elf pyromancer zombie.
The six-headed hydra bites your deep elf pyromancer zombie! x2
The six-headed hydra bites your deep elf pyromancer zombie.
The six-headed hydra bites your deep elf pyromancer zombie! x2
Your deep elf pyromancer zombie is destroyed!
A manticore comes into view.
Your adder zombie barely misses the six-headed hydra.
The six-headed hydra bites your adder zombie!
Your adder zombie is destroyed!
The six-headed hydra bites your kobold brigand zombie! x2
Your kobold brigand zombie is destroyed!
Throw: 6 boomerangs (silver)
Aim: a six-headed hydra (severely wounded, 80% to hit)
You throw a silver boomerang.
The silver boomerang hits the six-headed hydra!
The manticore flicks its tail.
The volley of spikes hits you!!
The barbed spikes become lodged in your body.
* * * LOW HITPOINT WARNING * * *
Throw: 6 boomerangs (silver)
Aim: a six-headed hydra (almost dead, 80% to hit)
You throw a silver boomerang.
The silver boomerang barely misses the six-headed hydra.
Throw: 6 boomerangs (silver)
Aim: a six-headed hydra (almost dead, 80% to hit)
You throw a silver boomerang.
The silver boomerang completely misses the six-headed hydra.
You block the six-headed hydra's attack.
The six-headed hydra bites you!
* * * LOW HITPOINT WARNING * * *
The six-headed hydra bites you but does no damage.
The six-headed hydra bites you!
* * * LOW HITPOINT WARNING * * *
The six-headed hydra bites you.
* * * LOW HITPOINT WARNING * * *
The six-headed hydra bites you but does no damage.
The manticore flicks its tail.
The volley of spikes hits you.
The barbed spikes become lodged in your body.
* * * LOW HITPOINT WARNING * * *
The six-headed hydra bites you but does no damage.
You block the six-headed hydra's attack.
The six-headed hydra bites you but does no damage. x2
The six-headed hydra bites you!
* * * LOW HITPOINT WARNING * * *
The six-headed hydra closely misses you.
You fade into invisibility!
The six-headed hydra bites you!
* * * LOW HITPOINT WARNING * * *
The six-headed hydra completely misses you.
You block the six-headed hydra's attack. x3
The six-headed hydra misses you.
You feel better.
The manticore flicks its tail.
The volley of spikes misses you. The six-headed hydra bites you.
* * * LOW HITPOINT WARNING * * *
The six-headed hydra barely misses you.
You block the six-headed hydra's attack.
The six-headed hydra barely misses you.
The six-headed hydra bites you but does no damage.
You block the six-headed hydra's attack.
You feel better.
The manticore flicks its tail.
The volley of spikes hits you but does no damage.
The six-headed hydra bites you!
* * * LOW HITPOINT WARNING * * *
The six-headed hydra bites you!
* * * LOW HITPOINT WARNING * * *
The six-headed hydra bites you!
You die...
Kikubaaqudgha rasps: "You have failed me!
Welcome... death!"

##.............##
##....#...#......#
#................#
#...#.......#....#
#................# #
##...#.......#....# #
#.................###
#...............|....
#...@............####
#.#.D..#...#†...## #.
#......H.....=.####..
###.#............##..
#.##.........####..
#.#####.<.....##...
#.# #####..###... #.#
....#.... #.#
...##....


You could see a six-headed hydra and a manticore.

Vanquished Creatures
  A hydra (D:14)
  Erolcha (D:13)
  4 centaur warriors
  6 boulder beetles
  An ice dragon (D:13)
  2 catoblepae (Lair:6)
  2 death knights
  A dancing weapon (D:14)
  The ghost of Kaptain the Geomancer, a journeyman GrEE (Lair:2)
  7 death yaks
  8 two-headed ogres
  A tengu warrior (D:13)
  A naga sharpshooter (Lair:4)
  A skeletal warrior (D:15)
  A fire crab (D:13)
  A phantasmal warrior (D:14)
  An obsidian statue (Gauntlet)
  A mana viper (Lair:4)
  A mana viper (shapeshifter) (D:15)
  A lindwurm (Lair:6)
  2 deep elf pyromancers
  12 ugly things
  5 manticores
  6 cyclopes
  18 elephants
  5 black mambas
  A molten gargoyle (Lair:3)
  Maurice (D:9)
  22 cane toads
  2 kobold demonologists (D:11)
  An unseen horror (D:10)
  A yaktaur (D:15)
  4 rime drakes
  An efreet (D:13)
  3 freezing wraiths
  7 komodo dragons
  2 tengu conjurers (D:13)
  2 meliai (D:13)
  A polar bear (Lair:5)
  10 trolls
  A meliai (shapeshifter) (D:13)
  A tyrant leech (Lair:3)
  6 dream sheep (Lair:6)
  20 blink frogs
  A meliai zombie (D:10)
  10 wyverns
  5 wraiths
  32 yaks
  A centaur simulacrum (D:11)
  A hog (D:15)
  8 basilisks
  12 vampire mosquitoes
  A steam dragon (D:8)
  2 large abominations (Gauntlet)
  20 water moccasins
  A black bear (shapeshifter) (D:14)
  A sky beast (D:5)
  A hornet zombie (D:9)
  3 ice beasts
  6 small abominations (Gauntlet)
  6 orc warriors (D:9)
  2 necrophages (Lair:4)
  13 wolves
  14 ogres
  14 centaurs
  4 kobold brigands
  2 phantoms
  11 bullfrogs
  2 gnoll sergeants
  2 scorpions
  9 killer bees
  8 wights
  5 electric eels
  4 howler monkeys
  3 lava snakes (Lair:3)
  2 centaur zombies
  2 jellies
  7 orc priests
  A centaur skeleton (D:7)
  4 hounds
  2 gnoll shamans (D:6)
  A bullfrog skeleton (D:6)
  2 iguanas
  A scorpion zombie (D:5)
  5 orc wizards
  7 hell rats
  3 killer bee zombies
  18 gnolls
  3 adders
  3 white imps
  An ufetubus (D:5)
  An adder skeleton (D:5)
  3 worms
  A dart slug (D:4)
  49 orcs
  5 bats
  5 endoplasms
  3 giant cockroaches
  5 goblins
  4 hobgoblins
  16 kobolds
  A quokka (D:2)
  7 ball pythons
  3 frilled lizards
  4 rats
550 creatures vanquished.

Vanquished Creatures (collateral kills)
  Kirke (D:15)
  A very ugly thing (D:15)
  A minotaur (Gauntlet)
  8 hydras
  A catoblepas (Lair:6)
  2 two-headed ogres
  2 death yaks (Lair:6)
  Urug (D:12)
  A phantasmal warrior (D:14)
  2 ugly things (D:15)
  3 elephants (Lair:4)
  2 black mambas
  A minotaur zombie (Gauntlet)
  A cane toad (Lair:5)
  A rime drake (Lair:6)
  A meliai (D:13)
  A blink frog (Lair:1)
  A dream sheep (Lair:6)
  7 yaks
  A hog (D:15)
  An ogre (D:13)
  2 necrophages (Lair:4)
  A wolf (Lair:5)
  4 centaurs (D:13)
47 creatures vanquished.

Vanquished Creatures (others)
  4 humans
  5 bushes (D:10)
  56 fungi
  77 plants
  2 withered plants (Gauntlet)
144 creatures vanquished.

Grand Total: 741 creatures vanquished

Notes
Turn   | Place    | Note
-------+----------+-------------------------------------------
     0 | D:1      | CryoSword the Troll Monk began the quest for the Orb.
     0 | D:1      | Reached XP level 1. HP: 22/22 MP: 0/0
   246 | D:1      | Reached XP level 2. HP: 29/29 MP: 1/1
   883 | D:2      | Reached XP level 3. HP: 30/36 MP: 2/2
  1182 | D:2      | Found a faded altar of an unknown god.
  1405 | D:3      | Reached XP level 4. HP: 35/44 MP: 3/3
  1432 | D:3      | Found a sacrificial altar of Ru.
  1608 | D:3      | Reached skill level 4 in Unarmed Combat
  1901 | D:3      | Reached XP level 5. HP: 53/53 MP: 4/4
  2171 | D:4      | Reached XP level 6. HP: 31/61 MP: 5/5
  2232 | D:4      | Found a staircase to the Ecumenical Temple.
  2241 | Temple   | Entered the Ecumenical Temple
  3493 | D:5      | Entered Level 5 of the Dungeon
  3497 | D:5      | Reached skill level 5 in Unarmed Combat
  3592 | D:5      | Found Qeesehue's Magic Scroll Shop.
  3598 | D:5      | Bought a scroll of identify for 28 gold pieces
  3598 | D:5      | Bought a scroll of identify for 28 gold pieces
  3598 | D:5      | Bought a scroll of fear for 49 gold pieces
  3647 | D:5      | Reached XP level 7. HP: 39/64 MP: 6/6
  4043 | D:5      | Found an ancient bone altar of Kikubaaqudgha.
  4044 | D:5      | Noticed a human
  4048 | D:5      | Became a worshipper of Kikubaaqudgha
  4048 | D:5      | Reached * piety under Kikubaaqudgha
  4048 | D:5      | Received a gift from Kikubaaqudgha
  4048 | D:5      | Reached ** piety under Kikubaaqudgha
  4048 | D:5      | Killed a human
  4263 | D:5      | Found a glowing silver altar of Zin.
  4491 | D:5      | Found a shimmering altar of Xom.
  4621 | D:6      | Reached skill level 6 in Unarmed Combat
  4711 | D:6      | Reached skill level 1 in Necromancy
  4846 | D:6      | Reached XP level 8. HP: 23/78 MP: 7/7
  6190 | D:7      | Reached skill level 7 in Unarmed Combat
  6563 | D:7      | Reached XP level 9. HP: 66/85 MP: 9/9
  6620 | D:7      | Learned a level 1 spell: Pain
  6624 | D:7      | Learned a level 3 spell: Vampiric Draining
  6626 | D:7      | Learned a level 1 spell: Animate Skeleton
  6666 | D:7      | Reached skill level 1 in Spellcasting
  7429 | D:8      | Found a shadowy altar of Dithmenos.
  7433 | D:8      | Found a bloodstained altar of Trog.
  7502 | D:8      | Found a stormy altar of Qazlal.
  7638 | D:8      | Found a radiant altar of Vehumet.
  7845 | D:8      | Reached skill level 5 in Dodging
  7907 | D:8      | Reached skill level 8 in Unarmed Combat
  7980 | D:8      | Reached skill level 5 in Fighting
  8437 | D:9      | Found a staircase to the Orcish Mines.
  8466 | D:9      | Reached *** piety under Kikubaaqudgha
  8466 | D:9      | Received a gift from Kikubaaqudgha
  8472 | D:9      | Learned a level 4 spell: Animate Dead
  8679 | D:9      | Reached skill level 5 in Necromancy
  8827 | D:9      | Reached XP level 10. HP: 75/91 MP: 12/12
  9008 | D:9      | Found a glowing golden altar of the Shining One.
  9012 | D:9      | Reached skill level 9 in Unarmed Combat
  9250 | D:9      | Reached **** piety under Kikubaaqudgha
  9349 | D:9      | Noticed Maurice
  9370 | D:9      | Killed Maurice
  9382 | D:9      | Found a large runed translucent door.
  9383 | D:9      | Found a large runed translucent door.
  9575 | D:9      | Found a hazy altar of Hepliaklqana.
  9592 | D:9      | Found an ornate altar of the Wu Jian Council.
  9710 | D:10     | Entered Level 10 of the Dungeon
  9710 | D:10     | Noticed a two-headed ogre
  9725 | D:10     | Found Tiuf's Weapon Shop.
  9738 | D:10     | Killed a two-headed ogre
  9881 | D:10     | Found a broken altar of Ashenzari.
 10108 | D:10     | Identified the +9 war axe of Valiance {spect, rN+ Str+3}
 10120 | D:10     | Reached skill level 10 in Unarmed Combat
 10363 | D:10     | Found a staircase to the Lair.
 10499 | D:10     | Reached XP level 11. HP: 96/106 MP: 13/13
 10505 | D:10     | Noticed a two-headed ogre
 10513 | D:10     | Killed a two-headed ogre
 10802 | D:10     | Found a basalt altar of Yredelemnul.
 10940 | D:11     | Noticed a four-headed hydra
 11218 | D:11     | Reached skill level 11 in Unarmed Combat
 11449 | D:11     | Noticed a two-headed ogre
 11506 | D:11     | Killed a two-headed ogre
 11627 | D:10     | Killed a four-headed hydra
 11742 | D:11     | Found a transporter.
 11748 | D:11     | Noticed a deep elf knight
 11749 | D:11     | Noticed a fire crab
 11777 | D:11     | Found a transporter.
 12369 | D:11     | Reached skill level 12 in Unarmed Combat
 12414 | D:11     | Got Fiyclabe's Incunabulum of Displacement and Poison
 12562 | D:11     | Noticed a two-headed ogre
 12797 | D:11     | Killed a two-headed ogre
 12865 | D:11     | Reached XP level 12. HP: 91/118 MP: 14/14
 13060 | Lair:1   | Entered Level 1 of the Lair of Beasts
 13215 | Lair:1   | Identified the +4 scimitar "Lowkoac" {freeze, Int+2}
 14023 | Lair:1   | Learned a level 4 spell: Dispel Undead
 14027 | Lair:1   | Learned a level 2 spell: Blink
 14189 | D:5      | Bought a scroll of fear for 49 gold pieces
 14189 | D:5      | Bought a scroll of summoning for 133 gold pieces
 14189 | D:5      | Bought a scroll of fear for 49 gold pieces
 14189 | D:5      | Bought a scroll of teleportation for 42 gold pieces
 14189 | D:5      | Bought a scroll of enchant weapon for 105 gold pieces
 14572 | Lair:2   | Found a runed translucent door.
 14572 | Lair:2   | Noticed Kaptain's ghost (journeyman GrEE)
 14642 | Lair:2   | Reached skill level 13 in Unarmed Combat
 14838 | Lair:2   | HP: 4/119 [cane toad (18)]
 14844 | Lair:2   | Reached skill level 10 in Necromancy
 15312 | Lair:2   | Killed Kaptain's ghost
 15367 | Lair:3   | Noticed a seven-headed hydra
 15733 | Lair:3   | Killed a seven-headed hydra
 15760 | Lair:3   | Noticed a boulder beetle
 15773 | Lair:3   | Killed a boulder beetle
 15803 | Lair:3   | Identified the +0 war axe of Ygynuisi {drain, rElec rF+
                  | Str+2}
 16141 | Lair:3   | Reached XP level 13. HP: 118/128 MP: 15/15
 16528 | Lair:4   | Reached skill level 1 in Shields
 16539 | Lair:4   | Reached skill level 1 in Translocations
 16880 | Lair:4   | Found a staircase to the Snake Pit.
 17230 | Snake:1  | Entered Level 1 of the Snake Pit
 17570 | Lair:5   | Reached skill level 5 in Shields
 18402 | Lair:6   | Entered Level 6 of the Lair of Beasts
 18619 | Lair:6   | Reached XP level 14. HP: 136/137 MP: 18/18
 18919 | Lair:6   | Noticed a cyan very ugly thing
 18924 | Lair:6   | Noticed CryoSword's ghost (journeyman DgFE)
 18936 | Lair:6   | Found a transporter.
 18938 | Lair:6   | Found a transporter.
 19173 | Lair:6   | Found a one-way gate to the infinite horrors of the Abyss.
 19454 | Lair:6   | Found a staircase to the Slime Pits.
 19514 | Lair:6   | Found a hide-covered altar of Uskayaw.
 19514 | Lair:6   | Found an ornate altar of the Wu Jian Council.
 19833 | Lair:6   | Got Qeema's Further Progress in Hermeneutics
 20007 | Lair:6   | Reached skill level 10 in Shields
 20034 | Lair:6   | Reached skill level 14 in Unarmed Combat
 20165 | Lair:6   | Reached ***** piety under Kikubaaqudgha
 20272 | Lair:6   | Learned a level 5 spell: Borgnjor's Vile Clutch
 20612 | D:12     | Noticed Urug
 20626 | D:12     | Killed Urug
 20977 | D:12     | Identified the +7 hand crossbow of the Toadstool {flame,
                  | rElec rC+ Dex+2}
 21064 | D:12     | Reached skill level 1 in Earth Magic
 21919 | D:13     | Found a runed translucent door.
 21921 | D:13     | Noticed Ablot's ghost (journeyman GnWr)
 22334 | D:13     | Reached XP level 15. HP: 85/146 MP: 16/20
 22427 | D:13     | Noticed Erolcha
 22459 | D:13     | Killed Erolcha
 22928 | D:13     | Identified the +6 spear "Ukiqom" {drain, Will+ Str+6
                  | Stlth+}
 23279 | D:14     | Found a gate to the Vaults.
 23648 | D:14     | Reached skill level 1 in Armour
 23649 | D:14     | Reached skill level 15 in Unarmed Combat
 24252 | D:14     | Reached skill level 1 in Throwing
 24299 | D:15     | Entered Level 15 of the Dungeon
 24302 | D:15     | Found a frozen archway.
 24541 | D:15     | Noticed Kirke
 24552 | D:15     | Noticed a sphinx
 24555 | D:15     | Killed Kirke
 24556 | D:15     | Found a gate leading to a gauntlet.
 24594 | Gauntlet | Entered a Gauntlet
 24594 | Gauntlet | Found a transporter.
 24594 | Gauntlet | Found a transporter.
 24620 | Gauntlet | Found a transporter.
 24632 | Gauntlet | Found a transporter.
 24650 | Gauntlet | Found a transporter.
 24650 | Gauntlet | Found a transporter.
 24650 | Gauntlet | Found a transporter.
 24652 | Gauntlet | Found a transporter.
 24652 | Gauntlet | Found a transporter.
 24667 | Gauntlet | Found a transporter.
 24685 | Gauntlet | Found a transporter.
 24690 | Gauntlet | Found a runed translucent door.
 24692 | Gauntlet | Found a transporter.
 24694 | Gauntlet | Found a runed translucent door.
 24706 | Gauntlet | Found a transporter.
 24721 | Gauntlet | Found the +3 pair of seven-league boots {Rampage+∞}
 24726 | Gauntlet | Found a transporter.
 24955 | Gauntlet | Reached skill level 5 in Earth Magic
 24998 | Gauntlet | Identified the +0 cloak of Gasuon {Will+}
 25000 | Gauntlet | Identified the ring of the Hundredfold Suns {rCorr MP+9
                  | Str+8 Stlth-}
 25061 | Gauntlet | Identified the +2 robe of Valiance {rF+ Str+6}
 25061 | Gauntlet | Identified the +4 ring mail "Etin" {Rampage rCorr Str-2}
 25386 | D:15     | HP: 5/148 [six-headed hydra (13)]
 25388 | D:15     | HP: 2/148 [six-headed hydra (12)]
 25388 | D:15     | Mangled by a six-headed hydra

Illustrated notes

Levels and vault maps discovered:
D:1:      lightli_arrival_boilingwater, layout_loops_corners
D:2:      layout_rooms, hellmonk_ecumenical_altar_arch_garden,
          minmay_misc_feat_columns
D:3:      layout_loops_cross, nicolae_ru_sacrificial_ziggurat
D:4:      layout_basic, minmay_temple_entry_glass
D:5:      layout_cave_pods, tgw_kikubaaqudgha, mainiacjoe_overflow_alcove_2,
          kennysheep_mini, serial_shops, kennysheep_little_box
D:6:      layout_layer_cave
D:7:      layout_loops_cross, kennysheep_generic_room_8
D:8:      layout_basic, mainiacjoe_overflow_small_starburst,
          kennysheep_mini_moat, mainiacjoe_overflow_tiny_flanked,
          grunt_qazlal_clouds, nicolae_water_bricks,
          minmay_fractal_squares_gapless_5
D:9:      layout_roguey, jmf_multi_god_temple2, amcnicky_altar_gilded,
          david_orc_5, uniq_maurice
D:10:     layout_rooms, mainiacjoe_overflow_paths, mainiacjoe_overflow_catwalk,
          minmay_lair_entry_grove, serial_shops, shop_statue
D:11:     gammafunk_wand_slinger, layout_gridville, grunt_ministairs_14,
          minmay_misc_feat_doors, minmay_mirror_moons_of_madness
D:12:     layout_gridville, uniq_urug
D:13:     lemuel_ogre_cave, layout_rooms, ebering_ghost_funeral_grove,
          hangedman_corner_corridor
D:14:     layout_basic, erik_vaults_1
D:15:     grunt_enter_depths_hoard, layout_cave_pools, gauntlet_entry_generic,
          portal_ice_cave_entry_ugly_swarm, minmay_misc_feat_enclosed,
          uniq_kirke
Temple:   jpeg_temple_island
Lair:1:   layout_regular_city
Lair:2:   layout_regular_city, hellmonk_ghost_happy_afterlife
Lair:3:   layout_chaotic_city, palyth_hydra_swamp_entry,
          nicolae_lair_liquid_snakes, lemuel_fruit_fields
Lair:4:   layout_concentric_octagons, dummy_snake_entry, minivault_19,
          chequers_serial_rivers_small_3, roderic_carrion_pond
Lair:5:   layout_concentric_octagons, grunt_megastairs_5
Lair:6:   evilmike_catoblepas_cave, layout_small_grid, slime_dummy,
          gammafunk_ghost_abyssal_escape, st_stairs_4,
          nzn_masters_of_martial_movement
Snake:1:  layout_cave_shapes, basic_altar, library_closet, grunt_megastairs_1

Skill      XL: |  1  2  3  4  5  6  7  8  9 10 11 12 13 14 15 |
---------------+----------------------------------------------+-----
Unarmed Combat | 4 5 6 7 8 10 12 13 14 15 | 15.4
Fighting       | 3 4 5 6 7 8 9 |  9.5
Dodging        | 3 4 5 6 7 |  7.1
Stealth        | 2 3 |  3.4
Necromancy     | 1 3 5 7 8 10 11 | 11.0
Spellcasting   | 2 3 4 |  4.0
Shields        | 7 10 | 10.0
Translocations | 3 |  3.0
Earth Magic    | 2 5 |  5.3
Armour         | 2 |  2.4
Throwing       | 2 |  2.3

Action                   |  1- 3 |  4- 6 |  7- 9 | 10-12 | 13-15 || total
-------------------------+-------+-------+-------+-------+-------++-------
Melee: Unarmed           |    97 |   131 |   363 |   585 |  1131 ||  2307
       Punch             |     2 |     4 |    20 |    40 |     3 ||    69
       Short sword       |       |       |       |     4 |       ||     4
       Staff             |       |       |       |       |     7 ||     7
Throw: Dart              |       |       |     2 |    16 |     2 ||    20
       Throwing net      |       |       |       |     3 |       ||     3
       Boomerang         |       |       |       |    17 |    12 ||    29
       Large rock        |       |       |       |     3 |    24 ||    27
       Javelin           |       |       |       |       |     3 ||     3
 Cast: Pain              |       |       |     8 |       |       ||     8
       Animate Skeleton  |       |       |     3 |       |       ||     3
       Animate Dead      |       |       |       |    25 |    79 ||   104
       Vampiric Draining |       |       |       |    19 |    24 ||    43
       Dispel Undead     |       |       |       |       |     4 ||     4
Invok: Receive Corpses   |       |       |       |    13 |    38 ||    51
Evoke: Wand              |       |       |       |     5 |     4 ||     9
       Box of beasts     |       |       |       |       |     2 ||     2
  Use: Potion            |       |       |     6 |     9 |     8 ||    23
       Scroll            |       |       |     4 |    15 |    15 ||    34
 Stab: Sleeping          |     5 |     2 |     2 |     3 |     5 ||    17
       Distracted        |       |       |       |     2 |     3 ||     5
       Invisible         |       |       |       |     1 |       ||     1
       Petrified         |       |       |       |       |     2 ||     2
Armor: Robe              |    23 |    35 |    43 |       |       ||   101
       Skin              |       |       |     2 |    23 |     2 ||    27
       Steam dragon scal |       |       |    27 |   154 |       ||   181
       Troll leather arm |       |       |       |    72 |   414 ||   486
Dodge: Dodged            |    48 |    47 |   168 |   334 |   519 ||  1116
Block: Kite shield       |       |       |       |       |   591 ||   591
